% Time on Ice - LONG BEACH BARACUDAS
Lines # - Real PCT - Wanted PCT - Time Play
Normal Forward
1 - 37% - 36% - 18:27
2 - 35% - 34% - 17:44
3 - 19% - 20% - 9:27
4 - 9% - 10% - 4:27
Normal Defense
1 - 72% - 36% - 35:52
2 - 9% - 31% - 4:21
3 - 15% - 23% - 7:34
4 - 5% - 10% - 2:18
PP Forward
1 - 50% - 55% - 2:59
2 - 50% - 45% - 2:58
PP Defense
1 - 52% - 55% - 3:05
2 - 48% - 45% - 2:52
PK Forward
1 - 53% - 55% - 2:06
2 - 47% - 45% - 1:52
PK Defense
1 - 78% - 55% - 3:05
2 - 22% - 45% - 0:53
PK3 Forward
1 - 0% - 55%
2 - 0% - 45%
PK3 Defense
1 - 0% - 55%
2 - 0% - 45%
44 Forward
1 - 0% - 55%
2 - 0% - 45%
44 Defense
1 - 0% - 55%
2 - 0% - 45%
Last Minute Offensive  - 0:00
Last Minute Defensive  - 0:00
Total
Forward - 60:00
Defense - 60:00
% Time on Ice - ANCHORAGE ACES
Lines # - Real PCT - Wanted PCT - Time Play
Normal Forward
1 - 34% - 38% - 16:55
2 - 34% - 36% - 17:16
3 - 28% - 23% - 13:57
4 - 4% - 3% - 1:57
Normal Defense
1 - 34% - 36% - 16:54
2 - 32% - 31% - 16:04
3 - 29% - 23% - 14:27
4 - 5% - 10% - 2:40
PP Forward
1 - 53% - 55% - 2:07
2 - 47% - 45% - 1:51
PP Defense
1 - 59% - 55% - 2:20
2 - 41% - 45% - 1:38
PK Forward
1 - 55% - 55% - 3:17
2 - 45% - 45% - 2:40
PK Defense
1 - 57% - 55% - 3:22
2 - 43% - 45% - 2:35
PK3 Forward
1 - 0% - 55%
2 - 0% - 45%
PK3 Defense
1 - 0% - 55%
2 - 0% - 45%
44 Forward
1 - 0% - 55%
2 - 0% - 45%
44 Defense
1 - 0% - 55%
2 - 0% - 45%
Last Minute Offensive  - 0:00
Last Minute Defensive  - 0:00
Total
Forward - 60:00
Defense - 60:00
Play-by-Play 1st period 0:01 of 1st period - Connor McDavid wins face-off versus Ryan O'Reilly in neutral zone. 0:05 of 1st period - Nathan MacKinnon is hit by Alexander Romanov and loses puck. 0:24 of 1st period - Shot by Mark Stone. 0:24 of 1st period - Shot Misses the Net. 0:33 of 1st period - Shot by Kyle Connor. 0:33 of 1st period - Shot Misses the Net. 0:39 of 1st period - Shot by Kyle Connor. 0:39 of 1st period - Stopped by Darcy Kuemper without a rebound. 0:40 of 1st period - William Karlsson wins face-off versus Phillip Danault in ANCHORAGE ACES zone. 1:52 of 1st period - Shot by Erik Haula. 1:52 of 1st period - Goal by Erik Haula - LONG BEACH BARACUDAS : 0 - ANCHORAGE ACES : 1. 1:53 of 1st period - Derek Stepan wins face-off versus Connor McDavid in neutral zone. 1:58 of 1st period - Shot by Andreas Athanasiou. 1:58 of 1st period - Shot Misses the Net. 2:02 of 1st period - Shot by Andreas Athanasiou. 2:02 of 1st period - Stopped by Darcy Kuemper without a rebound. 2:03 of 1st period - Ryan O'Reilly wins face-off versus Erik Haula in ANCHORAGE ACES zone. 2:46 of 1st period - Shot by Kyle Connor. 2:46 of 1st period - Stopped by Darcy Kuemper with a rebound. 3:01 of 1st period - Icing by Sheldon Dries. 3:02 of 1st period - Erik Haula wins face-off versus Cody Glass in ANCHORAGE ACES zone. 3:02 of 1st period - Erik Haula is hit by Boris Katchouk. 3:15 of 1st period - Minor Penalty to Jani Hakanpaa for Holding. 3:16 of 1st period - Phillip Danault wins face-off versus Kyle Connor in ANCHORAGE ACES zone. 3:16 of 1st period - Phillip Danault is hit by William Karlsson. 4:19 of 1st period - Mark Stone is hit by Phillip Danault and loses puck. 4:48 of 1st period - Kyle Connor is hit by Conor Sheary and loses puck. 4:56 of 1st period - Icing by Calvin De Haan. 4:57 of 1st period - Erik Haula wins face-off versus William Karlsson in LONG BEACH BARACUDAS zone. 5:00 of 1st period - Shot by Erik Haula. 5:00 of 1st period - Stopped by Alex Lyon with a rebound. 5:02 of 1st period - Shot by Erik Haula. 5:02 of 1st period - Shot Blocked by Calvin De Haan. 5:02 of 1st period - Calvin De Haan from LONG BEACH BARACUDAS is injured at 5:02 of 1st period (Abdomen/Ribs). 5:03 of 1st period - Erik Haula wins face-off versus Ryan O'Reilly in LONG BEACH BARACUDAS zone. 5:04 of 1st period - Shot by Connor McDavid. 5:04 of 1st period - Stopped by Alex Lyon with a rebound. 5:07 of 1st period - Icing by Cody Glass. 5:08 of 1st period - Ryan O'Reilly wins face-off versus Erik Haula in LONG BEACH BARACUDAS zone. 5:24 of 1st period - Alexander Romanov is hit by Chris Kreider and loses puck. 5:31 of 1st period - Shot by Yegor Sharangovich. 5:31 of 1st period - Shot Misses the Net. 5:59 of 1st period - Shot by Phillip Danault. 5:59 of 1st period - Stopped by Alex Lyon without a rebound. 6:00 of 1st period - Connor McDavid wins face-off versus Jaden Schwartz in LONG BEACH BARACUDAS zone. 6:29 of 1st period - Shot by Jaden Schwartz. 6:29 of 1st period - Stopped by Darcy Kuemper with a rebound. 7:59 of 1st period - Minor Penalty to Filip Hronek for Roughing. 8:00 of 1st period - William Karlsson wins face-off versus Nathan MacKinnon in ANCHORAGE ACES zone. 8:17 of 1st period - Shot by Teuvo Teravainen. 8:17 of 1st period - Shot Misses the Net. 8:45 of 1st period - Shot by Mark Stone. 8:45 of 1st period - Stopped by Darcy Kuemper without a rebound. 8:46 of 1st period - Ryan O'Reilly wins face-off versus Phillip Danault in ANCHORAGE ACES zone. 8:56 of 1st period - Icing by Ryan O'Reilly. 8:57 of 1st period - Phillip Danault wins face-off versus Mark Stone in LONG BEACH BARACUDAS zone. 9:28 of 1st period - Shot by Cody Glass. 9:28 of 1st period - Shot Misses the Net. 9:30 of 1st period - Shot by Cody Glass. 9:30 of 1st period - Shot Misses the Net. 10:09 of 1st period - Icing by Ryan Pulock. 10:10 of 1st period - Nathan MacKinnon wins face-off versus Andreas Athanasiou in ANCHORAGE ACES zone. 10:25 of 1st period - Yegor Sharangovich is hit by Peyton Krebs and loses puck. 10:41 of 1st period - Off-side. 10:42 of 1st period - William Karlsson wins face-off versus Conor Sheary in neutral zone. 10:47 of 1st period - Shot by Jaden Schwartz. 10:47 of 1st period - Stopped by Darcy Kuemper without a rebound. 10:48 of 1st period - Erik Haula wins face-off versus Seth Jarvis in ANCHORAGE ACES zone. 11:16 of 1st period - William Karlsson is hit by Jakob Chychrun and loses puck. 12:14 of 1st period - Shot by Ryan O'Reilly. 12:14 of 1st period - Stopped by Darcy Kuemper without a rebound. 12:15 of 1st period - Phillip Danault wins face-off versus Cody Glass in ANCHORAGE ACES zone. 12:15 of 1st period - Phillip Danault is hit by Cody Glass. 12:27 of 1st period - Shot by Teuvo Teravainen. 12:27 of 1st period - Shot Misses the Net. 12:29 of 1st period - Shot by Alexander Romanov. 12:29 of 1st period - Shot Misses the Net. 12:33 of 1st period - Shot by Teuvo Teravainen. 12:33 of 1st period - Stopped by Darcy Kuemper without a rebound. 12:34 of 1st period - Ryan O'Reilly wins face-off versus Connor McDavid in ANCHORAGE ACES zone. 13:11 of 1st period - Shot by Connor McDavid. 13:11 of 1st period - Shot Misses the Net. 13:26 of 1st period - Icing by Justin Braun. 13:27 of 1st period - Ryan O'Reilly wins face-off versus Phillip Danault in LONG BEACH BARACUDAS zone. 14:04 of 1st period - Shot by Phillip Danault. 14:04 of 1st period - Stopped by Alex Lyon without a rebound. 14:05 of 1st period - Erik Haula wins face-off versus Cody Glass in LONG BEACH BARACUDAS zone. 14:14 of 1st period - Shot by Erik Haula. 14:14 of 1st period - Stopped by Alex Lyon with a rebound. 14:16 of 1st period - Shot by Erik Haula. 14:16 of 1st period - Stopped by Alex Lyon without a rebound. 14:17 of 1st period - William Karlsson wins face-off versus Connor McDavid in LONG BEACH BARACUDAS zone. 14:19 of 1st period - Seth Jarvis is hit by Connor McDavid and loses puck. 14:28 of 1st period - Jaden Schwartz is hit by Conor Sheary and loses puck. 14:41 of 1st period - Shot by Conor Sheary. 14:41 of 1st period - Shot Misses the Net. 14:45 of 1st period - Shot by Connor McDavid. 14:45 of 1st period - Stopped by Alex Lyon without a rebound. 14:46 of 1st period - Cody Glass wins face-off versus Phillip Danault in LONG BEACH BARACUDAS zone. 14:46 of 1st period - Cody Glass is hit by Phillip Danault. 14:56 of 1st period - Shot by Teuvo Teravainen. 14:56 of 1st period - Shot Blocked by Seth Jones. 14:58 of 1st period - Shot by Justin Braun. 14:58 of 1st period - Stopped by Darcy Kuemper with a rebound. 15:02 of 1st period - Shot by Boris Katchouk. 15:02 of 1st period - Shot Misses the Net. 15:29 of 1st period - Icing by Jakob Chychrun. 15:30 of 1st period - William Karlsson wins face-off versus Phillip Danault in ANCHORAGE ACES zone. 15:30 of 1st period - Seth Jarvis is hit by Seth Jones and loses puck. 15:35 of 1st period - Shot by William Karlsson. 15:35 of 1st period - Stopped by Darcy Kuemper without a rebound. 15:36 of 1st period - Connor McDavid wins face-off versus William Karlsson in ANCHORAGE ACES zone. 15:36 of 1st period - Nathan MacKinnon is hit by Seth Jarvis and loses puck. 16:24 of 1st period - Nathan MacKinnon is hit by Alexander Romanov and loses puck. 16:48 of 1st period - Minor Penalty to Jaden Schwartz for Tripping. 16:49 of 1st period - Teuvo Teravainen wins face-off versus Phillip Danault in LONG BEACH BARACUDAS zone. 17:01 of 1st period - Shot by Phillip Danault. 17:01 of 1st period - Stopped by Alex Lyon without a rebound. 17:02 of 1st period - Teuvo Teravainen wins face-off versus Phillip Danault in LONG BEACH BARACUDAS zone. 17:41 of 1st period - Shot by Ryan Pulock. 17:41 of 1st period - Stopped by Alex Lyon without a rebound. 17:42 of 1st period - Ryan O'Reilly wins face-off versus Connor McDavid in LONG BEACH BARACUDAS zone. 19:18 of 1st period - Shot by William Karlsson. 19:18 of 1st period - Shot Misses the Net. 19:20 of 1st period - Shot by William Karlsson. 19:20 of 1st period - Shot Misses the Net. 19:22 of 1st period - Shot by Matt Irwin. 19:22 of 1st period - Shot Misses the Net. Goals for this period are 0 for LONG BEACH BARACUDAS vs 1 for ANCHORAGE ACES. Shots for this period are 10 for LONG BEACH BARACUDAS vs 10 for ANCHORAGE ACES. 2nd period 0:01 of 2nd period - Connor McDavid wins face-off versus Ryan O'Reilly in neutral zone. 0:10 of 2nd period - Shot by Nathan MacKinnon. 0:10 of 2nd period - Shot Misses the Net. 0:12 of 2nd period - Shot by Seth Jones. 0:12 of 2nd period - Stopped by Alex Lyon without a rebound. 0:13 of 2nd period - Phillip Danault wins face-off versus Cody Glass in LONG BEACH BARACUDAS zone. 0:21 of 2nd period - Phillip Danault is hit by Matt Irwin and loses puck. 1:05 of 2nd period - Icing by Ryan Pulock. 1:06 of 2nd period - Phillip Danault wins face-off versus Mark Stone in ANCHORAGE ACES zone. 1:11 of 2nd period - Shot by Kyle Connor. 1:11 of 2nd period - Shot Blocked by Ryan Pulock. 1:13 of 2nd period - Shot by Ryan O'Reilly. 1:13 of 2nd period - Deflect By Kyle Connor. 1:13 of 2nd period - Shot Blocked by Ryan Pulock. 1:15 of 2nd period - Shot by Kyle Connor. 1:15 of 2nd period - Stopped by Darcy Kuemper with a rebound. 1:46 of 2nd period - Shot by Kyle Connor. 1:46 of 2nd period - Shot Misses the Net. 2:03 of 2nd period - Icing by Ryan Pulock. 2:04 of 2nd period - Seth Jarvis wins face-off versus Phillip Danault in ANCHORAGE ACES zone. 2:57 of 2nd period - Alexander Romanov is hit by Conor Sheary. 2:58 of 2nd period - Icing by Alexander Romanov. 2:59 of 2nd period - Erik Haula wins face-off versus William Karlsson in LONG BEACH BARACUDAS zone. 3:13 of 2nd period - Icing by Jani Hakanpaa. 3:14 of 2nd period - Erik Haula wins face-off versus Ryan O'Reilly in ANCHORAGE ACES zone. 3:14 of 2nd period - Erik Haula is hit by Mark Stone. 3:28 of 2nd period - Shot by Kyle Connor. 3:28 of 2nd period - Stopped by Darcy Kuemper without a rebound. 3:29 of 2nd period - Connor McDavid wins face-off versus Cody Glass in ANCHORAGE ACES zone. 3:29 of 2nd period - Connor McDavid is hit by Boris Katchouk. 3:48 of 2nd period - Icing by Matt Irwin. 3:49 of 2nd period - Erik Haula wins face-off versus Cody Glass in LONG BEACH BARACUDAS zone. 3:49 of 2nd period - Vincent Hinostroza is hit by Matt Irwin and loses puck. 4:00 of 2nd period - Shot by Erik Haula. 4:00 of 2nd period - Shot Blocked by Teuvo Teravainen. 4:41 of 2nd period - Shot by Kyle Connor. 4:41 of 2nd period - Shot Misses the Net. 4:43 of 2nd period - Shot by Mark Stone. 4:43 of 2nd period - Shot Misses the Net. 4:45 of 2nd period - Shot by Mark Stone. 4:45 of 2nd period - Stopped by Darcy Kuemper without a rebound. 4:46 of 2nd period - William Karlsson wins face-off versus Connor McDavid in ANCHORAGE ACES zone. 5:03 of 2nd period - Shot by Connor McDavid. 5:03 of 2nd period - Stopped by Alex Lyon with a rebound. 5:05 of 2nd period - Shot by Nathan MacKinnon. 5:05 of 2nd period - Shot Blocked by Alexander Romanov. 5:09 of 2nd period - Shot by Connor McDavid. 5:09 of 2nd period - Shot Blocked by Alexander Romanov. 5:09 of 2nd period - Alexander Romanov from LONG BEACH BARACUDAS is injured at 5:09 of 2nd pe